 Dungeon Crawl Stone Soup version 0.30-a0-166-g5d06c95188 (webtiles) character file.

Game seed: 10789326944022811455

1497 qw the Cleaver (level 8, 0/51 HPs)
             Began as a Gargoyle Fighter on Sept 28, 2022.
             Killed by divine providence
             ... invoked by an orc priest
              (12 damage)
             ... on level 6 of the Dungeon.
             The game lasted 00:01:58 (6435 turns).

qw the Cleaver (Gargoyle Fighter)                   Turns: 6435, Time: 00:01:59

Health: 0/51       AC: 18    Str: 21 (22) XL:     8   Next: 81%
Magic:  8/8        EV:  7    Int:  7 (9)  God:
Gold:   218        SH:  4    Dex:  9      Spells: 7/7 levels left

rFire   . . .      SeeInvis .    Y - +0 war axe (drain)
rCold   . . .      Faith    .    c - +0 buckler
rNeg    + . .      Spirit   .    m - +0 chain mail
rPois   inf        Reflect  .    i - +0 helmet
rElec   +          Harm     .    k - +0 cloak
rCorr   .          Rampage  .    (no gloves)
Will    .....                    h - +0 pair of boots
Stlth   ..........               (no amulet)
HPRegen 0.17/turn                (no ring)
MPRegen 0.11/turn                (no ring)

@: about to teleport
A: sickness immunity, AC +5, negative energy resistance 1, electricity
resistance, torment resistance 1, petrification resistance
a: no special abilities


You were on level 6 of the Dungeon.
You visited 1 branch of the dungeon, and saw 6 of its levels.

You collected 281 gold pieces.
You spent 63 gold pieces at shops.


Innate Abilities, Weirdness & Mutations

You are immune to sickness and miasma.
Your stone body is resilient. (AC +5)
You are immune to poison.
You resist negative energy. (rN+)
You are resistant to electric shocks. (rElec)
You are resistant to unholy torment.
You are immune to petrification.


   Skills:
 - Level 6.0 Fighting
 + Level 8.5 Axes
 - Level 4.0 Armour
 - Level 1.4 Dodging
 - Level 3.2 Shields


You had 7 spell levels left.
You didn't know any spells.
Your spell library was empty.

Inventory:

Hand Weapons
 e - a +0 flail
 Y - a +0 war axe of draining (weapon)
Armour
 c - a +0 buckler (worn)
 h - a +0 pair of boots (worn)
 i - a +0 helmet (worn)
 k - a +0 cloak (worn)
 m - a +0 chain mail (worn)
Jewellery
 j - an amulet of guardian spirit
Scrolls
 a - 4 scrolls of identify
 g - 2 scrolls of teleportation
Potions
 b - 2 potions of lignification
 d - 4 potions of might
 f - 2 potions of curing
 l - a potion of resistance
 n - a potion of flight {unknown}

Dungeon Overview and Level Annotations

Branches:
Dungeon (6/15)
 Temple: D:4-7

Altars:
Elyvilon
Qazlal
Ru
Vehumet
Xom
Yredelemnul

Shops:
D:4 [


Message History

Enter note: You now have 201 gold pieces (gained 6).
f - 2 potions of curing (gained 1)
Found a book of Displacement.
Found a scroll of fear.
n - a fizzy orange potion
Enter note: You now have 218 gold pieces (gained 17).
You open the door.
An orc priest and an orc come into view.
The orc priest shouts!
The orc shouts!
An orc wizard comes into view. It is wielding a +0 dagger.
An orc comes into view. It is wielding a +0 trident.
The orc hits you from afar with a +0 trident.
The orc wizard shouts!
The orc priest invokes the aid of Beogh against you.
Beogh smites you! The orc barely misses you. The orc closely misses you.
There is an open door here.
You closely miss the orc.
The orc priest calls down the wrath of Beogh upon you.
Beogh smites you! The orc closely misses you.
The orc hits you from afar with a +0 trident!
You hit the orc.
The orc is lightly wounded.
The orc barely misses you.
You barely miss the orc priest. You hit the orc wizard.
The orc hits you but does no damage. x2
The orc priest hits you but does no damage.
You slash the orc wizard! You drain the orc wizard.
The orc wizard is almost dead.
You barely miss the orc priest.
The orc hits you from afar with a +0 trident.
The orc wizard closely misses you. You block the orc's attack.
6435 ||| READING 3 scrolls of teleportation.
As you read the scroll of teleportation, it crumbles to dust.
You feel strangely unstable. You block the orc's attack.
The orc hits you but does no damage.
The orc priest invokes the aid of Beogh against you.
Beogh smites you!
You die...

###### #....# #....#
#....# # #....##.#..#
. #.+....@o....#
#..#.#....#oo.....
#.#..#.#....#.o#.#..
###.#....+....#..# ..
...#.##.#....#..# #
#####.#....#....#...
#...............#....
.....................
......?..............


You could see an orc priest, an orc wizard (very drained) and 2 orcs.

Vanquished Creatures
  Pikel (D:5)
  A hornet (D:4)
  2 black bears (D:5)
  2 lemures (D:5)
  A phantom (D:4)
  A howler monkey (D:4)
  A hound (D:5)
  A jelly (D:4)
  4 orc priests
  3 iguanas
  3 orc wizards
  3 gnolls (D:5)
  10 adders
  An ufetubus (D:5)
  3 worms
  4 dart slugs
  16 orcs
  6 endoplasms
  6 giant cockroaches
  6 goblins
  9 hobgoblins
  8 kobolds
  4 quokkas
  15 ball pythons
  10 bats
  4 frilled lizards
  5 rats
130 creatures vanquished.

Notes
Turn   | Place    | Note
-------+----------+-------------------------------------------
     0 | D:1      | qw the Gargoyle Fighter began the quest for the Orb.
     0 | D:1      | Reached XP level 1. HP: 14/14 MP: 1/1
     0 | D:1      | 0 ||| qw: Version: 0.2-a-12-gaebbb33
     0 | D:1      | 0 ||| qw: Game counter: 945
     0 | D:1      | 0 ||| qw: Always use a shield: true
     0 | D:1      | 0 ||| qw: God list: Okawaru
     0 | D:1      | 0 ||| qw: Allow faded altars: false
     0 | D:1      | 0 ||| qw: Do Orc after D:15 true
     0 | D:1      | 0 ||| qw: Do second Lair branch before Depths: true
     0 | D:1      | 0 ||| qw: Lair rune preference: random
     0 | D:1      | 0 ||| qw: Plans: Normal, Zot:1-4, God:TSO, Crypt, Tomb,
                  | Pan, Slime:5, Hells, Abyss, Orb
     0 | D:1      | 0 ||| PLANNING D:1-11
    22 | D:1      | 22 ||| Stepping ~*~*~tactically~*~*~ (stealth).
    28 | D:1      | Reached skill level 2 in Axes
    79 | D:1      | Reached XP level 2. HP: 19/19 MP: 2/2
   239 | D:1      | Reached skill level 3 in Axes
   242 | D:1      | Reached XP level 3. HP: 7/23 MP: 3/3
   578 | D:1      | 578 ||| Stepping ~*~*~tactically~*~*~ (stealth).
  1236 | D:1      | 1236 ||| Stepping ~*~*~tactically~*~*~ (hiding).
  1237 | D:1      | 1237 ||| Stepping ~*~*~tactically~*~*~ (hiding).
  1478 | D:1      | 1478 ||| UPGRADING to +0 cloak.
  1483 | D:1      | 1483 ||| UPGRADING to +0 chain mail.
  1493 | D:1      | 1493 ||| DROPPING +0 scale mail.
  1494 | D:1      | 1494 ||| READING scroll labelled BONE UDWITSOS.
  1495 | D:1      | 1495 ||| READING scroll labelled REACUN GARURPH.
  1496 | D:1      | 1496 ||| READING 4 scrolls labelled COSTRI DICWOT.
  1501 | D:1      | 1501 ||| READING scroll labelled XAOGAI CANIEV.
  1502 | D:1      | 1502 ||| READING scroll labelled EWUJA OSKO.
  1503 | D:1      | 1503 ||| DRINKING 2 bubbling white potions.
  1776 | D:2      | 1776 ||| Stepping ~*~*~tactically~*~*~ (stealth).
  1780 | D:2      | Found a stormy altar of Qazlal.
  1798 | D:2      | Reached XP level 4. HP: 28/28 MP: 4/4
  2239 | D:2      | Reached skill level 4 in Axes
  2392 | D:2      | 2392 ||| READING scroll labelled HIRGHI VIRRAUB JIR.
  2393 | D:2      | 2393 ||| READING 3 scrolls of identify.
  2393 | D:2      | 2393 ||| IDENTIFYING fizzy dark potion
  2394 | D:2      | 2394 ||| READING 2 scrolls of identify.
  2394 | D:2      | 2394 ||| IDENTIFYING metallic white potion
  2395 | D:2      | 2395 ||| DROPPING potion of berserk rage.
  2396 | D:2      | 2396 ||| DROPPING potion of invisibility.
  2477 | D:3      | You fall into a shaft and drop 2 floors!
  2477 | D:5      | Entered Level 5 of the Dungeon
  2486 | D:5      | 2486 ||| Stepping ~*~*~tactically~*~*~ (hiding).
  2502 | D:5      | Reached XP level 5. HP: 24/32 MP: 5/5
  2617 | D:5      | Noticed a black bear
  2624 | D:5      | Killed a black bear
  2625 | D:5      | Reached skill level 5 in Axes
  2625 | D:5      | Reached XP level 6. HP: 31/37 MP: 6/6
  2685 | D:5      | 2685 ||| FLEEEEING.
  2686 | D:5      | 2686 ||| FLEEEEING.
  2687 | D:5      | 2687 ||| FLEEEEING.
  2688 | D:5      | 2688 ||| FLEEEEING.
  2689 | D:5      | 2689 ||| STAIRDANCE
  2889 | D:4      | HP: 4/38 [orc priest/divine providence (12)]
  2890 | D:4      | 2890 ||| READING 3 scrolls of teleportation.
  3301 | D:4      | 3301 ||| Stepping ~*~*~tactically~*~*~ (stealth).
  3333 | D:4      | 3333 ||| READING scroll labelled HOFICV GOUT.
  3390 | D:4      | Found a basalt altar of Yredelemnul.
  3474 | D:4      | Noticed a hornet
  3486 | D:4      | Killed a hornet
  3487 | D:4      | Reached skill level 6 in Axes
  3487 | D:4      | Reached XP level 7. HP: 13/43 MP: 7/7
  3545 | D:4      | 3545 ||| Stepping ~*~*~tactically~*~*~ (stealth).
  3563 | D:4      | 3563 ||| Stepping ~*~*~tactically~*~*~ (stealth).
  3595 | D:4      | 3595 ||| Stepping ~*~*~tactically~*~*~ (stealth).
  3599 | D:4      | 3599 ||| Stepping ~*~*~tactically~*~*~ (stealth).
  3600 | D:4      | 3600 ||| Stepping ~*~*~tactically~*~*~ (stealth).
  3603 | D:4      | 3603 ||| Stepping ~*~*~tactically~*~*~ (stealth).
  3604 | D:4      | 3604 ||| Stepping ~*~*~tactically~*~*~ (stealth).
  3630 | D:4      | Reached skill level 1 in Dodging
  3710 | D:4      | 3710 ||| READING 2 scrolls of identify.
  3710 | D:4      | 3710 ||| IDENTIFYING fizzy silvery potion
  3711 | D:4      | 3711 ||| DROPPING potion of brilliance.
  3802 | D:3      | Found a radiant altar of Vehumet.
  3894 | D:3      | 3894 ||| READING 2 scrolls of identify.
  3894 | D:3      | 3894 ||| IDENTIFYING bubbling red potion
  4009 | D:3      | Reached skill level 7 in Axes
  4386 | D:3      | Found a sacrificial altar of Ru.
  4388 | D:3      | 4388 ||| Stepping ~*~*~tactically~*~*~ (hiding).
  4651 | D:3      | 4651 ||| DRINKING 2 fizzy cyan potions.
  4652 | D:3      | 4652 ||| DRINKING 2 metallic amethyst potions.
  4653 | D:3      | 4653 ||| READING 3 scrolls of identify.
  4653 | D:3      | 4653 ||| IDENTIFYING silvery potion
  4654 | D:3      | 4654 ||| DROPPING potion of magic.
  4655 | D:3      | 4655 ||| DROPPING potion of degeneration.
  4684 | D:4      | Found a shimmering altar of Xom.
  4819 | D:4      | Found a white marble altar of Elyvilon.
  4863 | D:4      | 4863 ||| DROPPING +0 whip.
  4866 | D:4      | Found Soabora's Armour Emporium.
  4874 | D:4      | 4874 ||| BUYING +0 pair of boots (63 gold).
  4874 | D:4      | Bought a +0 pair of boots for 63 gold pieces
  4874 | D:4      | 4874 ||| SHOPLISTING +2 plate armour of willpower (560
                  | gold, have 159).
  4874 | D:4      | 4874 ||| SHOPLISTING +2 ring mail of cold resistance (294
                  | gold, have 159).
  5010 | D:4      | 5010 ||| Stepping ~*~*~tactically~*~*~ (hiding).
  5240 | D:4      | 5240 ||| UPGRADING to +0 pair of boots.
  5263 | D:5      | 5263 ||| STAIRDANCE
  5407 | D:5      | Reached XP level 8. HP: 44/49 MP: 8/8
  5880 | D:5      | Noticed Pikel
  5880 | D:5      | 5880 ||| Stepping ~*~*~tactically~*~*~ (stealth).
  5901 | D:5      | Killed Pikel
  5902 | D:5      | Reached skill level 8 in Axes
  5902 | D:5      | 5902 ||| FLEEEEING.
  6247 | D:5      | Reached skill level 6 in Fighting
  6321 | D:5      | 6321 ||| UPGRADING to +0 helmet.
  6326 | D:5      | 6326 ||| READING scroll labelled CYUT OQYXOI.
  6327 | D:5      | 6327 ||| READING scroll labelled URHOUN ADISU.
  6434 | D:6      | HP: 12/51 [orc/+0 trident (4)]
  6435 | D:6      | 6435 ||| READING 3 scrolls of teleportation.
  6435 | D:6      | Killed from afar by an orc priest

Levels and vault maps discovered:
D:1:      minmay_arrival_doors, layout_basic, serial_rivers,
          chequers_serial_rivers_small_a, chequers_serial_rivers_large_b,
          chequers_serial_rivers_small_3, chequers_serial_rivers_room_b,
          chequers_serial_rivers_small_b, chequers_serial_rivers_small_b,
          minmay_misc_feat_enclosed, corexii_item_surrounded_by_moat,
          minmay_misc_feat_four_crosses, minmay_tall_x
D:2:      layout_basic, basic_altar
D:3:      layout_basic, nicolae_ru_great_annihilating_truth,
          lemuel_coloured_pillars_altar, minmay_snake_closets
D:4:      layout_cave_pods, nicolae_overflow_crystal_walls,
          kennysheep_ying_yang, serial_shops, nicolae_diamond_shop,
          kennysheep_nondescript, minmay_manual_moon
D:5:      layout_loops_cross, uniq_pikel
D:6:      layout_basic, lemuel_mausoleum_altar_kikubaaqudgha,
          minmay_temple_entry_slanted

Skill      XL: |  1  2  3  4  5  6  7  8 |
---------------+-------------------------+-----
Axes           | 2 3 4 5 6 7 8 |  8.5
Fighting       | 4 5 6 |  6.0
Dodging        | 1 |  1.4
Armour         | 4 |  4.0
Shields        | |  3.2

Action                   |  1- 3 |  4- 6 |  7- 9 || total
-------------------------+-------+-------+-------++-------
Melee: War axe           |   124 |    78 |   157 ||   359
  Use: Scroll            |     5 |     5 |     6 ||    16
       Potion            |     1 |       |     2 ||     3
 Stab: Paralysed         |       |       |     1 ||     1
Armor: Scale mail        |    55 |       |       ||    55
       Chain mail        |    11 |    52 |    74 ||   137
Dodge: Dodged            |    51 |    25 |    52 ||   128
Block: Buckler           |    18 |    11 |    35 ||    64

Table legend:
 A = Non-vault XP
 B = Vault XP
 C = Vault XP percentage of total XP
 D = Non-vault monster count
 E = Vault monster count
 F = Vault count percentage of total count
                 A         B        C        D         E       F
            +---------+---------+-------+---------+---------+-------
      Total |    1098 |    1041 |  48.7 |     103 |      25 |  19.5
            +---------+---------+-------+---------+---------+-------
        D:1 |      56 |       7 |  11.1 |      30 |       4 |  11.8
        D:2 |      48 |       0 |   0.0 |      21 |       0 |   0.0
        D:3 |      59 |     113 |  65.7 |      12 |      16 |  57.1
        D:4 |     372 |     328 |  46.9 |      21 |       4 |  16.0
        D:5 |     563 |     593 |  51.3 |      19 |       1 |   5.0
            +---------+---------+-------+---------+---------+-------
